 Dungeon Crawl Stone Soup version 0.31-a0-675-g238779eb0a (webtiles) character file.

Game seed: 5283211059593088568

501 Xavori the Sneak (level 7, -1/49 HPs)
             Began as an Octopode Chaos Knight on Sept 5, 2023.
             Was a Plaything of Xom.
             Slain by a gnoll
             ... wielding a +0 club
              (7 damage)
             ... on level 5 of the Dungeon.
             The game lasted 00:04:36 (12169 turns).

Xavori the Sneak (Octopode Chaos Knight)           Turns: 12169, Time: 00:04:36

Health: -1/49      AC:  1    Str:  9 (11) XL:     7   Next: 17%
Magic:  7/7        EV: 14    Int: 12 (13) God:    Xom [*.....]
Gold:   133        SH:  0    Dex: 13      Spells: 6/6 levels left

rFire   . . .        a - +0 short sword (chaos)
rCold   . . .        (no shield)
rNeg    . . .        (helmet restricted)
rPois   .            v - amulet of faith
rElec   .            q - ring of resist corrosion
rCorr   +            (no ring)
SInv    .            (no ring)
Will    +....        (no ring)
Stlth   ++++         (no ring)
HPRegen 0.28/turn    (no ring)
MPRegen 0.10/turn    (no ring)
                     (no ring)

%: clarity, faith
@: no status effects
A: almost no armour, amphibious, 8 rings, camouflage 1, gelatinous body 1,
(nimble swimmer 1), tentacles, clarity, deterioration 1, dopey 1, strong-willed
1, inability to drink after injury 1
a: Renounce Religion


You were on level 5 of the Dungeon.
You worshipped Xom.
You were a special plaything of Xom.
You visited 1 branch of the dungeon, and saw 7 of its levels.

You collected 199 gold pieces.
You spent 66 gold pieces at shops.

Inventory:

Hand Weapons
 a - a +0 short sword of chaos (weapon)
Jewellery
 g - an amulet of the acrobat
 q - a ring of resist corrosion (left tentacle)
 r - a ring of ice
 u - a ring of fire
 v - an amulet of faith (around mantle)
Talismans
 e - a flux talisman
Scrolls
 b - a scroll of butterflies
 c - a scroll of vulnerability {unknown}
 d - a scroll of teleportation {unknown}
 f - 3 scrolls of enchant armour {unknown}
 j - a scroll of revelation {unknown}
 l - 6 scrolls of identify {unknown}
 o - a scroll of poison {unknown}
 p - a scroll of summoning {unknown}
 s - a scroll of blinking {unknown}
Potions
 h - 3 potions of curing
 i - 3 potions of heal wounds {unknown}
 k - 2 potions of mutation {unknown}
 m - a potion of magic {unknown}
 n - a potion of resistance {unknown}
 t - a potion of cancellation {unknown}
 w - a potion of lignification {unknown}


   Skills:
 + Level 4.3 Fighting
 + Level 5.1 Short Blades
 + Level 3.7 Dodging
 + Level 5.8 Stealth


You had 6 spell levels left.
You didn't know any spells.
Your spell library contained the following spells:

 Spells                   Type           Power      Damage    Failure   Level
 Apportation              Tloc           0%         N/A       32%         1
 Ensorcelled Hibernation  Hex/Ice        0%         N/A       45%         2
 Passwall                 Tmut/Erth      0%         N/A       45%         2
 Stone Arrow              Conj/Erth      0%         3d7       69%         3
 Swiftness                Air            0%         N/A       69%         3
 Iskenderun's Mystic Bla  Conj/Tloc      0%         2d3       97%         4
 Irradiate                Conj/Tmut      0%         3d11      100%        5
 Lehudib's Crystal Spear  Conj/Erth      0%         10d2      100%        8
 Animate Armour           Summ/Erth      Unusable   N/A       N/A         4

Dungeon Overview and Level Annotations

Branches:
Dungeon (7/15)             Temple (0/1) D:5

Altars:
Ashenzari
Okawaru
Uskayaw
The Shining One

Shops:
D:1 !


Innate Abilities, Weirdness & Mutations

You cannot wear most types of armour.
You are amphibious.
You can wear up to eight rings at the same time.
Your skin changes colour to match your surroundings (Stealth+).
Your rubbery body absorbs attacks. (AC +1, EV +1)
((You are camouflaged when in or above water. (Stealth+)))
You have tentacles for arms and can constrict up to eight enemies at once.
You possess an exceptional clarity of mind.
Your body sometimes deteriorates upon taking damage.
You are dopey. (Int -2)
You are strong-willed. (Will+)
You occasionally lose the ability to drink potions when taking damage.


Message History

Unknown command.
Unknown command. 2 gnolls come into view.
The gnoll shouts! x3; You hear an angry hiss.
An adder comes into view.
The gnoll barely misses you. The gnoll hits you with a +0 flail.
The gnoll attacks as it pursues you!
The gnoll hits you from afar with a +0 spear!
Your body deteriorates!
You feel weakened.
An adder comes into view.
You hit the gnoll. Your grab misses the gnoll. Your squeeze misses the gnoll.
The gnoll is lightly wounded.
The gnoll hits you with a +0 flail.
Your body deteriorates!
You feel dopey.
You closely miss the gnoll. You grab the gnoll.
The gnoll is lightly wounded.
You constrict the gnoll, but do no damage.
The gnoll closely misses you.
You hit the gnoll.
The gnoll suddenly seems more resistant.
You squeeze the gnoll.
The gnoll is almost dead.
You constrict the gnoll.
You kill the gnoll!
The gnoll hits you from afar with a +0 spear.
The gnoll misses you.
You see here a +0 flail.
You miss the adder. Your grab misses the adder. Your squeeze misses the adder.
The gnoll hits you from afar with a +0 spear!
The gnoll hits you with a +0 club. The adder bites you.
* * * LOW HITPOINT WARNING * * *
You hit the adder. You drain the adder. You grab the adder.
The adder is almost dead.
You constrict the adder.
You kill the adder!
The gnoll hits you from afar with a +0 spear.
* * * LOW HITPOINT WARNING * * *
Your body deteriorates!
You feel weakened. The gnoll hits you with a +0 club!
You die...

#.. ... .# .# #.# #.##.
#.# #.# .... ...
#.####... ... ...
......... #.##.##
†..##.......####.#$..#.#
................S......#
.#.#.......#.###.#...##
......... #@# ##
.#.#..#.# #g# ....#...#
#g# ......#. #......#
##.#.#. #.#.#.#..# .#.#
#.#..g.. .. .# # ### ##.
#


You could see 2 gnolls and an adder.

Vanquished Creatures
  Edmund (D:5)
  An ice beast (D:6)
  A hound (D:7)
  A jelly (D:7)
  Crazy Yiuf (D:3)
  3 iguanas (D:5)
  A gnoll (D:5)
  4 adders
  A white imp (D:5)
  An ufetubus (D:5)
  2 worms (D:2)
  A dart slug (D:1)
  4 orcs
  4 ball pythons
  5 bats
  2 endoplasms
  2 giant cockroaches (D:1)
  11 goblins
  8 hobgoblins
  6 jackals (D:2)
  5 frilled lizards
  4 kobolds
  5 rats
74 creatures vanquished.

Notes
Turn   | Place    | Note
-------+----------+-------------------------------------------
     0 | D:1      | Xavori the Octopode Chaos Knight began the quest for the
                  | Orb.
     0 | D:1      | Reached XP level 1. HP: 16/16 MP: 1/1
    81 | D:1      | Found Ykhatt's Distillery.
   127 | D:1      | XOM: divination: detect creatures
   229 | D:1      | XOM: enchant monster (good)
   269 | D:1      | Reached XP level 2. HP: 16/21 MP: 2/2
   449 | D:1      | XOM: give mutations
   449 | D:1      | Gained mutation: You possess an exceptional clarity of
                  | mind. [Xom's grace]
   449 | D:1      | Gained mutation: You expend magic power (3 MP) to
                  | strengthen your wands. [Xom's grace]
   483 | D:1      | XOM: god gift: 3 stones
   524 | D:1      | XOM: cloud trail
   716 | D:1      | XOM: divination: magic mapping
  1125 | D:1      | XOM: divination: detect creatures
  1557 | D:1      | XOM: silly message
  2022 | D:1      | XOM: silly message
  2274 | D:1      | XOM: silly message
  3415 | D:1      | XOM: silly message
  3466 | D:1      | XOM is BORED!
  3466 | D:1      | XOM: noise
  3773 | D:1      | XOM: cloud trail
  3863 | D:1      | XOM: god gift: chain mail {god gift}
  3928 | D:1      | XOM: god gift: stone
  4110 | D:1      | XOM: god gift: 23 gold pieces
  4664 | D:1      | XOM: god gift: scroll labelled KIMMAI RUAJ {god gift}
  5389 | D:1      | XOM: god gift: silver javelin
  5528 | D:1      | XOM: god gift: 18 gold pieces
  5793 | D:1      | XOM: 4-stop teleportation journey
  5842 | D:1      | Bought 2 potions of curing for 66 gold pieces
  5845 | D:1      | XOM is BORED!
  5845 | D:1      | XOM: stat loss: -2 Int (12/14)
  5930 | D:1      | XOM: cloud trail
  5969 | D:1      | XOM: god gift: 15 gold pieces
  6129 | D:1      | XOM: cloud trail
  7129 | D:1      | XOM: god gift: 14 gold pieces
  7437 | D:1      | XOM: give mutation
  7437 | D:1      | Gained mutation: You are strong-willed. (Will+) [Xom's
                  | grace]
  7714 | D:1      | XOM: give mutations
  7714 | D:1      | Gained mutation: You occasionally lose the ability to drink
                  | potions when taking damage. [Xom's mischief]
  7714 | D:1      | Gained mutation: Your body sometimes deteriorates upon
                  | taking damage. [Xom's mischief]
  8370 | D:1      | XOM: silly message
  9149 | D:1      | XOM is BORED!
  9149 | D:1      | XOM: stat loss: -1 Dex (10/11)
  9554 | D:1      | XOM: give mutations
  9554 | D:1      | Lost mutation: You expend magic power (3 MP) to strengthen
                  | your wands. [Xom's mischief]
  9554 | D:1      | Gained mutation: You are dopey. (Int -2) [Xom's mischief]
  9671 | D:2      | Reached skill level 1 in Stealth
  9671 | D:2      | Reached XP level 3. HP: 25/26 MP: 3/3
  9710 | D:2      | XOM: stat loss: -1 Dex (11/13)
  9721 | D:2      | XOM: 2-stop teleportation journey
  9881 | D:2      | XOM: summons 2 hostile demons
 10123 | D:2      | Reached XP level 4. HP: 23/31 MP: 4/4
 10353 | D:2      | XOM: 2-stop teleportation journey
 10803 | D:3      | Found a glowing golden altar of the Shining One.
 10804 | D:3      | Got the Spellbook of the Other Side
 10923 | D:3      | XOM: noise
 11134 | D:3      | Found a faded altar of an unknown god.
 11134 | D:3      | Found a faded altar of an unknown god.
 11143 | D:3      | Found a hide-covered altar of Uskayaw.
 11145 | D:3      | Found a broken altar of Ashenzari.
 11147 | D:3      | Found an iron altar of Okawaru.
 11261 | D:3      | Found a runed translucent door.
 11262 | D:3      | Noticed Crazy Yiuf
 11524 | D:3      | Killed Crazy Yiuf
 11525 | D:3      | Reached XP level 5. HP: 25/36 MP: 5/5
 11608 | D:4      | You fall into a shaft and drop 3 floors!
 11641 | D:7      | XOM: chaos cloud
 11828 | D:7      | XOM: 2-stop teleportation journey
 11850 | D:6      | Noticed an ice beast
 11862 | D:6      | Killed an ice beast
 11863 | D:6      | Reached XP level 6. HP: 30/43 MP: 6/6
 11904 | D:5      | Entered Level 5 of the Dungeon
 11909 | D:5      | Reached skill level 5 in Stealth
 12034 | D:5      | Noticed Edmund
 12044 | D:5      | XOM: butterfly on damage
 12045 | D:5      | Killed Edmund
 12046 | D:5      | Reached skill level 5 in Short Blades
 12046 | D:5      | Reached XP level 7. HP: 29/48 MP: 7/7
 12131 | D:5      | Found a staircase to the Ecumenical Temple.
 12156 | D:5      | XOM: 1-stop teleportation journey
 12169 | D:5      | Slain by a gnoll

Illustrated notes

Levels and vault maps discovered:
D:1:      kennysheep_arrival_seaside, layout_basic, serial_shops, shop
D:2:      kennysheep_the_goblin_king, layout_loops_ring, chequers_avenue
D:3:      layout_loops_ring, mainiacjoe_overflow_boulevard,
          chequers_temple_overflow_minitemple, uniq_crazy_yiuf_cottage
D:4:      cheibrodos_thug_alley, layout_rooms, uniq_menkaure
D:5:      layout_loops_ring, mainiacjoe_overflow_six_doors_small,
          mainiacjoe_overflow_alcove_2, minmay_temple_entry_gardened_gates,
          serial_shops, shop, uniq_edmund, uniq_grinder
D:6:      layout_loops_ring, grunt_temple_overflow_open, uniq_sigmund
D:7:      layout_loops_ring, minmay_fractal_squares_diagonal_5

Skill      XL: |  1  2  3  4  5  6 |
---------------+-------------------+-----
Stealth        | 1 2 3 4 5 |  5.8
Dodging        | 3 |  3.7
Short Blades   | 4 5 |  5.1
Fighting       | 4 |  4.3

Action                     |  1- 3 |  4- 6 |  7- 9 || total
---------------------------+-------+-------+-------++-------
  Melee: Short sword       |    80 |   100 |     8 ||   188
         Constrict         |    19 |    19 |     4 ||    42
         Tentacles         |    23 |    17 |     2 ||    42
         Punch             |     2 |     1 |       ||     3
    Use: Scroll            |     1 |       |       ||     1
   Stab: Sleeping          |     8 |     9 |       ||    17
         Petrified         |     2 |       |       ||     2
         Distracted        |       |     1 |       ||     1
 Armour: Skin              |    29 |    43 |    10 ||    82
  Dodge: Dodged            |    44 |    63 |     3 ||   110

Table legend: (Time is in decaauts)
 A = Elapsed time spent in this place.
 B = Non-inter-level travel time spent in this place.
 C = Inter-level travel time spent in this place.
 D = Time resting spent in this place.
 E = Time spent auto-exploring this place.
 F = Levels seen in this place.
 G = Mean time per level.
                   A        B        C        D        E       F      G
               +--------+--------+--------+--------+--------+-----+--------+
         Total |  12120 |  11861 |    259 |   9257 |   2007 |   7 | 1731.4 |
       Dungeon |  12120 |  11861 |    259 |   9257 |   2007 |   7 | 1731.4 |
               +--------+--------+--------+--------+--------+-----+--------+

Top non-repeatable levels by time:
     D:1: 9648 daAuts
     D:2: 1101 daAuts
     D:3: 825 daAuts
     D:5: 259 daAuts
     D:7: 225 daAuts
     D:6: 51 daAuts
     D:4: 8 daAuts
